 Dungeon Crawl Stone Soup version 0.23.2-33-g5129a83184 (webtiles) character file.

Game seed: 3206211024135665432

25030 Joat the Bludgeoner (level 13, -7/103 HPs)
             Began as a Formicid Fighter on July 3, 2019.
             Was a High Priest of Elyvilon.
             Mangled by an eight-headed hydra (11 damage)
             ... on level 3 of the Lair of Beasts.
             The game lasted 01:19:23 (16831 turns).

Joat the Bludgeoner (Formicid Fighter)             Turns: 16831, Time: 01:19:24

Health: -7/103     AC: 18    Str: 22    XL:     13   Next: 47%
Magic:  28/28      EV:  8    Int:  8    God:    Elyvilon [*****.]
Gold:   1252       SH: 16    Dex: 18    Spells: 12/12 levels left

rFire    . . .     SeeInvis +   a - +3 great mace of Puatepag {holy, rPois rN+ Dex+4}
rCold    + . .     Gourm    .   c - +0 shield
rNeg     + . .     Faith    .   q - +0 chain mail
rPois    +         Spirit   .   (helmet unavailable)
rElec    .         Reflect  .   C - +1 cloak
rCorr    .         Harm     .   n - +2 pair of gloves
MR       +....                  w - +0 pair of boots
Stlth    ..........             (no amulet)
HPRegen  0.27/turn              p - ring of protection from cold
MPRegen  0.21/turn              K - ring of magical power

@: no status effects
A: permanent stasis, dig shafts and tunnels, four strong arms, antennae 3, large
bone plates 1, thin metallic scales 1
a: Dig, Shaft Self, Lesser Healing, Heal Other, Purification, Greater Healing,
Divine Vigour, Divine Protection, Renounce Religion


You were on level 3 of the Lair of Beasts.
You worshipped Elyvilon.
Elyvilon was extremely pleased with you.
You were hungry.

You visited 3 branches of the dungeon, and saw 15 of its levels.
You also visited: Bailey and Volcano.

You collected 1252 gold pieces.

Inventory:

Hand Weapons
 a - the +3 great mace of Puatepag (weapon) {holy, rPois rN+ Dex+4}
   (You acquired it on level 1 of the Lair of Beasts)

   It has been blessed by the Shining One to cause great damage to the undead
   and demons.
   It affects your dexterity (+4).
   It protects you from poison.
   It protects you from negative energy.
 b - a +1 flail of venom
Missiles
 i - 3 throwing nets (quivered)
 B - 40 tomahawks of returning
Armour
 c - a +0 shield (worn)
 n - a +2 pair of gloves (worn)
 q - a +0 chain mail (worn)
 w - a +0 pair of boots (worn)
 C - a +1 cloak (worn)
 I - the +1 leather armour of Virtue {+Blink rC+}
   (You took it off a goblin in a bailey)

   It protects you from cold.
   It lets you blink.
Jewellery
 p - a ring of protection from cold (left hand)
 K - a ring of magical power (right hand)
Wands
 h - a wand of digging (12)
 j - a wand of paralysis (2)
 l - a wand of scattershot (4)
 y - a wand of flame (13)
 J - a wand of polymorph (9)
Scrolls
 d - 2 scrolls of enchant weapon
 g - 4 scrolls of remove curse
 m - a scroll of silence
 r - 2 scrolls of fog
 s - 6 scrolls of immolation
 t - 2 scrolls of fear
 u - 3 scrolls of identify
 z - 3 scrolls of enchant armour
 D - a scroll of blinking
 N - 2 scrolls of amnesia
Potions
 e - 5 potions of curing
 k - 2 potions of heal wounds
 o - a potion of flight
 v - 3 potions of cancellation
 x - a potion of invisibility
 A - 3 potions of magic
 E - a potion of brilliance
Miscellaneous
 L - a lamp of fire (inert)
 M - a phial of floods (inert)
Comestibles
 f - 22 rations
 F - 24 chunks of flesh


   Skills:
 - Level 10.0 Fighting
 + Level 16.0 Maces & Flails
 - Level 5.0 Armour
 - Level 10.0 Shields
 - Level 9.0 Invocations


You had 12 spell levels left.
You didn't know any spells.
Your spell library contained the following spells:

 Spells                   Type           Power        Failure   Level  Hunger
 Beastly Appendage        Tmut           #.....       98%         1    ##.....
 Corona                   Hex            #......      98%         1    ##.....
 Freeze                   Ice            #...         98%         1    ##.....
 Ensorcelled Hibernation  Hex/Ice        #.....       99%         2    ###....
 Throw Frost              Conj/Ice       #.....       99%         2    ###....
 Confuse                  Hex            #.......     100%        3    ####...
 Dazzling Spray           Conj/Hex       #.....       100%        3    ####...
 Ozocubu's Armour         Chrm/Ice       #.......     100%        3    ####...
 Tukima's Dance           Hex            #.......     100%        3    ####...
 Summon Ice Beast         Ice/Summ       #.......     100%        4    #####..
 Throw Icicle             Conj/Ice       #.......     100%        4    #####..


Dungeon Overview and Level Annotations

Branches:
Dungeon (11/15)            Temple (1/1) D:6            Lair (3/6) D:11
    Orc (0/2) D:11
  Swamp: Lair:2-4    Shoals: Lair:2-4     Snake: Lair:2-4    Spider: Lair:2-4

Altars:
Ashenzari
Cheibriados
Dithmenos
Elyvilon
Fedhas
Gozag
Hepliaklqana
Kikubaaqudgha
Makhleb
Nemelex Xobeh
Okawaru
Qazlal
Ru
Sif Muna
Trog
Uskayaw
Vehumet
Wu Jian
Xom
Yredelemnul
Zin
The Shining One

Shops:
D:4 =   D:11 ?

Annotations:
D:10 1 runed translucent door, Dasit's ghost, journeyman VSGl


Innate Abilities, Weirdness & Mutations

You cannot be hasted, slowed, berserked, paralysed or teleported.
You can dig through walls and to a lower floor.
Your four strong arms can wield two-handed weapons with a shield.
You have a pair of large antennae on your head. (SInv)
You are partially covered in large bone plates. (SH +4)
You are partially covered in thin metallic scales. (AC +2)


Message History

The eight-headed hydra bites you but does no damage.
The eight-headed hydra bites you. The eight-headed hydra bites you!
* * * LOW HITPOINT WARNING * * *
You block the eight-headed hydra's attack.
The eight-headed hydra barely misses you.
The eight-headed hydra bites you but does no damage.
The eight-headed hydra bites you!
* * * LOW HITPOINT WARNING * * *
The eight-headed hydra bites you.
* * * LOW HITPOINT WARNING * * *
Evoke which item? (* to show all) (? for menu, Esc to quit)
Aiming: Scattershot
Press: ? - help, Shift-Dir - straight line, f - eight-headed hydra
Aim: an eight-headed hydra (moderately wounded)
The burst of metal fragments hits the eight-headed hydra! x4
The eight-headed hydra is severely wounded.
The eight-headed hydra bites you!
* * * LOW HITPOINT WARNING * * *
The eight-headed hydra bites you!
You die...

........................
.......................
........÷.......F.....
#.....................
÷....###†###....#...####
#...#...#P#.....###†#..##
....#...........##.#....#
..........##....)D#...♣
.....P....##...}@†..♣.≈.≈.
..........#†...§§§♣...≈≈..
#...##.....#....##♣.≈≈.≈.≈
....##....##........≈...≈≈
....####.#........≈≈....≈≈
....# ...##........≈≈..≈.≈
...... .........≈..≈≈.≈.
..... ...........≈≈≈≈..
.... ..........≈≈.≈


You could see an eight-headed hydra.

Vanquished Creatures
  Harold (D:11)
  3 two-headed ogres
  An unseen horror (D:8)
  Pikel (D:4)
  2 orc knights (Bailey)
  2 ugly things
  An oklob plant (Lair:3)
  3 komodo dragons
  5 spiny frogs
  A centaur skeleton (D:11)
  3 trolls (D:11)
  A queen bee (D:10)
  A hornet (D:8)
  4 blink frogs (Lair:1)
  2 hippogriffs
  16 yaks
  A wyvern (D:10)
  Eustachio (D:5)
  Sigmund (D:3)
  A fire bat (Volcano)
  A basilisk (Lair:3)
  Grum (D:10)
  2 hungry ghosts
  Menkaure (D:6)
  Edmund (D:5)
  A warg (D:11)
  2 soldier ants (D:9)
  4 water moccasins
  5 porcupines
  3 ice beasts
  12 orc warriors
  2 black bears (D:9)
  A phantom (D:8)
  2 sky beasts (D:7)
  A necrophage (D:6)
  5 ogres
  21 wolves
  An eye of draining (D:10)
  3 centaurs
  4 crocodiles
  2 big kobolds
  11 bullfrogs
  A gnoll sergeant (D:8)
  A wyvern skeleton (D:6)
  3 scorpions
  20 killer bees
  2 howler monkeys
  3 crimson imps
  A bullfrog zombie (D:6)
  A jelly (D:6)
  6 lava snakes (Volcano)
  3 quasits (D:6)
  A centaur zombie (D:8)
  6 hounds
  10 orc priests
  10 orc wizards
  A bullfrog skeleton (D:11)
  3 iguanas
  Ijyb (D:5)
  5 worker ants
  A hound zombie (D:7)
  Robin (D:3)
  16 gnolls
  12 adders
  2 shadow imps
  An ooze (D:1)
  An adder skeleton (D:4)
  5 worms
  A leopard gecko (D:2)
  32 orcs
  3 ball pythons
  6 bats
  2 giant cockroaches
  21 goblins
  15 hobgoblins
  2 jackals (D:1)
  26 kobolds
  5 quokkas
  2 frilled lizards
  2 gnoll zombies (D:8)
  A quokka zombie (D:6)
  4 rats
  5 fungi
  A plant (Lair:3)
382 creatures vanquished.

Vanquished Creatures (collateral kills)
  Fannar (Lair:3)
  A two-headed ogre (D:10)
  Nergalle (Lair:3)
  A bullfrog (Lair:3)
  A bullfrog zombie (D:10)
5 creatures vanquished.

Vanquished Creatures (others)
  A dart slug (D:4)
  An orc (D:5)
  A giant cockroach (D:4)
  2 frilled lizards
  2 fungi (D:10)
  7 plants
  7 toadstools (D:1)
21 creatures vanquished.

Grand Total: 408 creatures vanquished

Notes
Turn   | Place    | Note
-------+----------+-------------------------------------------
     0 | D:1      | Joat the Formicid Fighter began the quest for the Orb.
     0 | D:1      | Reached XP level 1. HP: 18/18 MP: 1/1
   128 | D:1      | Reached XP level 2. HP: 22/24 MP: 2/2
   241 | D:1      | Reached XP level 3. HP: 29/29 MP: 3/3
   376 | D:1      | Reached skill level 5 in Shields
   872 | D:2      | Reached XP level 4. HP: 24/35 MP: 4/4
  1139 | D:2      | Reached XP level 5. HP: 36/41 MP: 5/5
  1550 | D:3      | Noticed Sigmund
  1583 | D:3      | Killed Sigmund
  1583 | D:3      | Reached XP level 6. HP: 47/47 MP: 6/6
  1815 | D:3      | Noticed Robin
  1846 | D:3      | Killed Robin
  2146 | D:3      | Found a sparkling altar of Nemelex Xobeh.
  2156 | D:3      | Reached XP level 7. HP: 52/52 MP: 7/7
  2506 | D:4      | Noticed Pikel
  2543 | D:4      | Killed Pikel
  2543 | D:4      | Reached skill level 5 in Fighting
  2543 | D:4      | Reached skill level 10 in Shields
  2543 | D:4      | Reached XP level 8. HP: 14/63 MP: 8/8
  2997 | D:4      | Found Gozenaexe's Jewellery Shop.
  3008 | D:4      | Found a bloodstained altar of Trog.
  3091 | D:4      | Found a radiant altar of Vehumet.
  3091 | D:4      | Found a sparkling altar of Nemelex Xobeh.
  3192 | D:5      | Entered Level 5 of the Dungeon
  3206 | D:5      | Found a white marble altar of Elyvilon.
  3217 | D:5      | Became a worshipper of Elyvilon the Healer
  3297 | D:5      | Reached skill level 3 in Maces & Flails
  3335 | D:5      | Reached skill level 4 in Maces & Flails
  3469 | D:5      | Noticed Eustachio
  3503 | D:5      | Killed Eustachio
  3628 | D:5      | Reached skill level 5 in Maces & Flails
  3633 | D:5      | Noticed Edmund
  3685 | D:5      | Killed Edmund
  3685 | D:5      | Reached XP level 9. HP: 36/69 MP: 9/9
  4075 | D:5      | Found a stormy altar of Qazlal.
  4112 | D:5      | Reached skill level 6 in Maces & Flails
  4274 | D:5      | Noticed Ijyb
  4286 | D:5      | Killed Ijyb
  4479 | D:6      | Found a deep blue altar of Sif Muna.
  4484 | D:6      | Noticed Menkaure
  4497 | D:6      | Killed Menkaure
  4497 | D:6      | Reached skill level 7 in Maces & Flails
  4514 | D:6      | Identified Sif Muna's Handbook of Transformation
  4801 | D:6      | Found a staircase to the Ecumenical Temple.
  4810 | Temple   | Entered the Ecumenical Temple
  5087 | D:6      | Reached * piety under Elyvilon
  5090 | D:6      | Found a snail-covered altar of Cheibriados.
  5185 | D:6      | Reached skill level 1 in Invocations
  5675 | D:7      | Reached ** piety under Elyvilon
  5705 | D:7      | Reached skill level 8 in Maces & Flails
  5835 | D:7      | Found a blossoming altar of Fedhas.
  5996 | D:8      | Found an opulent altar of Gozag.
  6015 | D:8      | Reached XP level 10. HP: 79/79 MP: 12/12
  6370 | D:8      | Reached skill level 5 in Invocations
  6419 | D:8      | Reached skill level 9 in Maces & Flails
  6472 | D:8      | Noticed an unseen horror
  6488 | D:8      | Killed an unseen horror
  6890 | D:8      | Reached *** piety under Elyvilon
  7461 | D:8      | Found a basalt altar of Yredelemnul.
  7691 | D:9      | Reached skill level 10 in Maces & Flails
  7883 | D:9      | Noticed a two-headed ogre
  7901 | D:9      | Killed a two-headed ogre
  7901 | D:9      | Reached XP level 11. HP: 30/84 MP: 17/17
  8171 | D:9      | Reached **** piety under Elyvilon
  8682 | D:9      | Reached skill level 11 in Maces & Flails
  8784 | D:10     | Entered Level 10 of the Dungeon
  8823 | D:10     | Found a flagged portal.
  8847 | Bailey   | Entered a bailey
  8863 | Bailey   | Noticed an orc knight
  9005 | Bailey   | Noticed an orc knight
  9036 | Bailey   | Killed an orc knight
  9421 | Bailey   | Identified the +1 leather armour of Virtue {+Blink rC+}
  9467 | Bailey   | Reached skill level 5 in Armour
  9468 | Bailey   | Killed an orc knight
  9909 | D:10     | Found a runed translucent door.
  9909 | D:10     | Noticed Dasit's ghost (journeyman VSGl)
  9910 | D:10     | Identified the +9 spear of Subterfuge {holy, rF++ Int+4
                  | Dex-5}
  9910 | D:10     | Noticed a spriggan rider
  9982 | D:10     | Noticed a two-headed ogre
 10007 | D:10     | Killed a two-headed ogre
 10007 | D:10     | Reached skill level 12 in Maces & Flails
 10152 | D:10     | Noticed Grum
 10169 | D:10     | HP: 4/84 [Grum/-2 halberd of freezing (3)]
 10181 | D:10     | Killed Grum
 11283 | D:10     | Noticed a green ugly thing
 11285 | D:10     | Gained mutation: You are partially covered in thin metallic
                  | scales. (AC +2) [potion of mutation]
 11285 | D:10     | Gained mutation: You are partially covered in large bone
                  | plates. (SH +4) [potion of mutation]
 11314 | D:10     | Killed a green ugly thing
 11314 | D:10     | Reached XP level 12. HP: 25/91 MP: 18/18
 11776 | D:11     | Reached skill level 13 in Maces & Flails
 11784 | D:11     | Noticed a two-headed ogre
 11813 | D:11     | Killed a two-headed ogre
 12006 | D:11     | HP: 1/91 [white ugly thing (13)]
 12418 | D:11     | Noticed a two-headed ogre
 12424 | D:11     | Killed a two-headed ogre
 12449 | D:11     | Found Hewno Dau's Magic Scroll Shop.
 12460 | D:11     | Noticed Harold
 12488 | D:11     | Killed Harold
 12488 | D:11     | Reached skill level 14 in Maces & Flails
 12675 | D:11     | Found a staircase to the Lair.
 13040 | D:11     | Found a staircase to the Orcish Mines.
 13475 | Lair:1   | Entered Level 1 of the Lair of Beasts
 13668 | Lair:1   | Reached ***** piety under Elyvilon
 14049 | Lair:1   | Identified a scroll of acquirement
 14054 | Lair:1   | Got a twisted great mace
 14055 | Lair:1   | Identified the +3 great mace of Puatepag {holy, rPois rN+
                  | Dex+4} (You acquired it on level 1 of the Lair of Beasts)
 14135 | Lair:1   | Reached skill level 10 in Fighting
 14567 | Lair:1   | Reached XP level 13. HP: 71/103 MP: 19/19
 15069 | Lair:2   | Found a dark tunnel.
 15078 | Volcano  | Entered a volcano
 15787 | Lair:2   | Reached skill level 15 in Maces & Flails
 16772 | Lair:3   | Noticed Fannar
 16811 | Lair:3   | Killed Fannar
 16812 | Lair:3   | Noticed Nergalle
 16824 | Lair:3   | Killed Nergalle
 16825 | Lair:3   | Noticed an eight-headed hydra
 16827 | Lair:3   | Reached skill level 16 in Maces & Flails
 16831 | Lair:3   | HP: 4/103 [eight-headed hydra (10)]
 16831 | Lair:3   | Mangled by an eight-headed hydra

Skill      XL: |  1  2  3  4  5  6  7  8  9 10 11 12 13 |
---------------+----------------------------------------+-----
Shields        | 4 5 6 8 10 | 10.0
Fighting       | 5 6 7 10 | 10.0
Maces & Flails | 5 8 10 12 14 16 | 16.0
Invocations    | 3 8 9 |  9.0
Armour         | 5 |  5.0

Action                   |  1- 3 |  4- 6 |  7- 9 | 10-12 | 13-15 || total
-------------------------+-------+-------+-------+-------+-------++-------
Melee: Flail             |    57 |    15 |   138 |   790 |       ||  1000
       Spear             |       |   253 |     7 |     7 |       ||   267
       Halberd           |       |       |    36 |       |       ||    36
       Whip              |       |       |   288 |    99 |       ||   387
       Great mace        |       |       |       |    58 |   234 ||   292
       Morningstar       |       |       |       |     2 |       ||     2
Throw: Tomahawk          |       |       |       |     2 |     1 ||     3
Invok: Greater Healing   |       |       |       |     7 |       ||     7
       Divine Protection |       |       |       |     1 |       ||     1
       Lesser Healing    |       |       |       |     1 |       ||     1
 Abil: Dig               |     5 |     3 |    14 |    35 |     9 ||    66
Evoke: Wand              |       |       |     2 |     3 |     2 ||     7
       Phial of floods   |       |       |       |     1 |     1 ||     2
       Lamp of fire      |       |       |       |       |     1 ||     1
  Use: Potion            |       |     2 |     5 |     7 |       ||    14
       Scroll            |       |       |    16 |    10 |     1 ||    27
 Stab: Distracted        |       |       |       |       |     1 ||     1
  Eat: Ration            |       |     2 |     1 |     2 |       ||     5
       Chunk             |       |     3 |    11 |    36 |     7 ||    57
Armor: Scale mail        |    14 |     4 |       |       |       ||    18
       Chain mail        |       |    62 |   170 |   297 |    55 ||   584
       Skin              |       |     9 |    18 |    15 |       ||    42
Dodge: Dodged            |    14 |    40 |   129 |   173 |    33 ||   389
Block: Shield            |    30 |   111 |   286 |   601 |   161 ||  1189
